 Dungeon Crawl Stone Soup version 0.20-a0-17-g69bea3c (webtiles) character file.

562 KristoblXynda the Covered (level 7, -1/45 HPs)
             Began as a Halfling Fighter on Nov 4, 2016.
             Was a Follower of Uskayaw.
             Slain by an orc
             ... wielding a +0 flail
              (6 damage)
             ... on level 5 of the Dungeon on Nov 5, 2016.
             The game lasted 00:09:25 (5679 turns).

KristoblXynda the Covered (Halfling Fighter)        Turns: 5679, Time: 00:09:25

Health: -1/45      AC:  9    Str: 22    XL:     7   Next: 57%
Magic:  7/7        EV:  9    Int:  7    God:    Uskayaw [*.....]
Gold:   195        SH: 11    Dex: 15    Spells: 0 memorised, 6 levels left

rFire  . . .     SeeInvis .     a - +0 long sword
rCold  . . .     Gourm    .     r - -2 chain mail (curse)
rNeg   + . .     Faith    .     c - +0 shield
rPois  .         Spirit   .     (no helmet)
rElec  .         Reflect  .     (no cloak)
rCorr  .         Harm     .     (no gloves)
MR     .....                    g - +0 pair of boots
Stlth  ..........               (no amulet)
                                i - +2 ring of evasion
                                m - ring of positive energy

@: mighty
A: mutation resistance 1
a: Stomp, Renounce Religion


You were on level 5 of the Dungeon.
You worshipped Uskayaw.
Uskayaw was noncommittal.
You were not hungry.

You visited 2 branches of the dungeon, and saw 6 of its levels.
You also visited: Sewer.

You collected 195 gold pieces.

Inventory:

Hand Weapons
 a - a +0 long sword (weapon)
Missiles
 j - 2 tomahawks of returning (quivered)
Armour
 b - a +0 scale mail
 c - a +0 shield (worn)
 g - a +0 pair of boots (worn)
 h - a +0 ring mail
 r - a cursed -2 chain mail (worn)
 w - the +0 robe of Baoxuov {rN+ Regen+}
   (You found it on level 5 of the Dungeon)

   It protects you from negative energy.
   It increases your rate of regeneration.
Jewellery
 i - a +2 ring of evasion (right hand)
 m - a ring of positive energy (left hand)
 y - an uncursed amulet of the gourmand {unknown}
Scrolls
 e - a scroll of teleportation
 k - 3 scrolls of fear
 l - a scroll of recharging
 o - 2 scrolls of immolation
 p - 5 scrolls of blinking
 t - a scroll of magic mapping
 v - a scroll of fog
Potions
 n - 3 potions of haste
 s - 3 potions of brilliance
 u - a potion of agility
Comestibles
 f - 6 bread rations
 z - a meat ration


   Skills:
 - Level 2.6 Fighting
 + Level 4.8 Long Blades
 + Level 5.8 Armour
 + Level 5.7 Shields


You had 6 spell levels left.
You didn't know any spells.

Dungeon Overview and Level Annotations

Branches:
Dungeon (5/15)             Temple (1/1) D:4

Altars:
Ashenzari
Dithmenos
Trog
Uskayaw
Vehumet
Zin


Innate Abilities, Weirdness & Mutations

You are small and have problems with some larger weapons.
You are somewhat resistant to further mutation.


Message History

* * * LOW HITPOINT WARNING * * *
You block the jackal's attack. You block the orc's attack.
You completely miss the jackal.
The jackal is moderately wounded.
The jackal bites you but does no damage. x2
You block the jackal's attack. You block the orc's attack.
The jackal bites you but does no damage.
You feel very mighty all of a sudden.
The jackal bites you but does no damage.
The jackal closely misses you. You block the jackal's attack.
The orc barely misses you.
You riposte.
Your shield and chain mail prevent you from hitting the orc.
Unknown command.
You closely miss the jackal. You block the jackal's attack.
The jackal bites you but does no damage.
The orc priest casts a cantrip, but nothing happens.
The jackal bites you but does no damage.
Your shield and chain mail prevent you from hitting the orc.
The jackal closely misses you. The orc hits you with a flail.
You die...

... ....
....######
.........#
.....o...#
.....$...#
.........#
##########o#######
#.......@ho.......
#.......oh..>.....
#.................
......
#.................
......
#.................
......
#######......#####
#.... #......#
+.... #......#
#.... #......#
#....


You could see 2 orc priests, an orc and 2 jackals.

Vanquished Creatures
  2 scorpions (D:5)
  A hound (D:4)
  3 orc wizards (D:3)
  An orc priest (D:3)
  4 worker ants
  9 adders
  2 river rats (Sewer)
  An adder skeleton (D:5)
  A worm (D:4)
  3 leopard geckos
  15 orcs (D:3)
  4 giant cockroaches
  12 hobgoblins
  14 jackals
  7 kobolds
  A quokka (D:5)
  5 ball pythons
  6 bats
  9 frilled lizards
  6 goblins
  9 rats
115 creatures vanquished.

Notes
Turn   | Place    | Note
-------+----------+-------------------------------------------
     0 | D:1      | KristoblXynda the Halfling Fighter began the quest for the Orb.
     0 | D:1      | Reached XP level 1. HP: 15/15 MP: 1/1
   135 | D:1      | Reached XP level 2. HP: 5/20 MP: 2/2
   643 | D:1      | HP: 1/20 [hobgoblin (1)]
  1203 | D:1      | Reached XP level 3. HP: 25/25 MP: 3/3
  1292 | D:1      | Upgraded the game from 0.20-a0-16-g0876c8e to 0.20-a0-17-g69bea3c
  1999 | D:2      | Reached XP level 4. HP: 30/30 MP: 4/4
  2616 | D:3      | Reached XP level 5. HP: 29/35 MP: 5/5
  2870 | D:3      | Reached XP level 6. HP: 32/41 MP: 6/6
  3234 | D:3      | Reached skill level 5 in Armour
  3672 | D:4      | Reached skill level 5 in Shields
  3956 | D:4      | Found a glowing drain.
  3963 | Sewer    | Entered a sewer
  4810 | D:4      | Found a staircase to the Ecumenical Temple.
  4819 | Temple   | Entered the Ecumenical Temple
  4827 | Temple   | Became a worshipper of Uskayaw the Reveler
  4849 | D:4      | Reached * piety under Uskayaw
  4852 | D:4      | Reached XP level 7. HP: 39/45 MP: 7/7
  4852 | D:4      | Reached ** piety under Uskayaw
  5289 | D:5      | Entered Level 5 of the Dungeon
  5377 | D:5      | Got an ancient robe
  5378 | D:5      | Identified the +0 robe of Baoxuov {rN+ Regen+} (You found it on level 5 of the Dungeon)
  5679 | D:5      | Slain by an orc

Vault maps used:
D:1:      dpeg_arrival_castle, hangedman_glass_teeth
D:2:      first_bread
D:3:      minmay_shallow_snake_nest
D:4:      portal_sewer_entry_e
D:5:      kennysheep_generic_room_5
Temple:   compressed_dpeg_circular_temple
Sewer:    sewer_co_cracked_pipes

Skill      XL: |  1  2  3  4  5  6 |
---------------+-------------------+-----
Shields        | 4 5 |  5.7
Armour         | 4 5 |  5.8
Long Blades    | 3 4 |  4.8
Fighting       | |  2.6

Action                   |  1- 3 |  4- 6 |  7- 9 || total
-------------------------+-------+-------+-------++-------
Melee: Long sword        |   120 |   277 |    85 ||   482
  Use: Scroll            |       |    10 |     5 ||    15
       Potion            |       |     2 |     3 ||     5
  Eat: Chunk             |     3 |     4 |     1 ||     8
       Pizza             |       |     1 |       ||     1
       Meat ration       |       |     1 |       ||     1
       Beef jerky        |       |       |     1 ||     1
Armor: Scale mail        |    53 |    17 |       ||    70
       Chain mail        |       |    89 |    67 ||   156
       Skin              |       |     4 |       ||     4
Dodge: Dodged            |    67 |    80 |    47 ||   194
Block: Shield            |    88 |   164 |    76 ||   328
       Rpst.: Long sword |    19 |    30 |    14 ||    63
